 Dungeon Crawl Stone Soup version 0.17-a0-1637-g5d65775 (webtiles) character file.

168 LilCorpsy the Stinger (level 5, 22/42 HPs)
             Began as a Naga Venom Mage on Aug 7, 2015.
             Was an Initiate of Kikubaaqudgha.
             Quit the game on level 4 of the Dungeon.
             The game lasted 00:20:59 (4643 turns).

LilCorpsy the Stinger (Naga Venom Mage)             Turns: 4643, Time: 00:20:59

Health: 22/42      AC:  8    Str: 10      XL:     5   Next: 49%
Magic:  10/10      EV:  8    Int: 15 (16) God:    Kikubaaqudgha [......]
Gold:   137        SH:  0    Dex: 12      Spells: 1 memorised, 10 levels left

rFire  . . .     SeeInvis +     (no weapon)
rCold  . . .     Clarity  .     a - +0 robe
rNeg   . . .     SustAt   .     (no shield)
rPois  +         Gourm    .     s - +0 helmet
rElec  +         Spirit   .     (no cloak)
rCorr  .         Warding  .     g - +0 pair of gloves
rMut   .         Stasis   .     r - +0 naga barding
MR     +....                    (no amulet)
Stlth  +++.......               (no ring)
                                e - ring of stealth

@: very slow, somewhat resistant to hostile enchantments, fairly stealthy
A: fangs 1, see invisible, deformed body, deterioration 1, magic resistance 1,
poison resistance, electricity resistance, slowness 2, slow healing 1, slow
metabolism 1, spit poison 3, AC +1
a: Breathe Poison Gas, Renounce Religion


You were on level 4 of the Dungeon.
You worshipped Kikubaaqudgha.
Kikubaaqudgha was noncommittal.
You were not hungry.

You visited 1 branch of the dungeon, and saw 4 of its levels.

You collected 137 gold pieces.

Inventory:

Armour
 a - a +0 robe (worn)
 g - a +0 pair of gloves (worn)
 r - a +0 naga barding (worn)
 s - a +0 helmet (worn)
Jewellery
 e - a ring of stealth (left hand)
Magical devices
 j - a wand of polymorph (19)
Scrolls
 d - a scroll of random uselessness
 i - a scroll of enchant weapon
 k - a scroll of remove curse
Potions
 h - a potion of flight {unknown}
 o - a potion of cancellation
 p - a potion of haste {unknown}
 q - a potion of curing
Books
 b - a Young Poisoner's Handbook

   Spells                             Type                      Level
   a - Sting                          Conjuration/Poison           1
   b - Cure Poison                    Poison                       2
   c - Mephitic Cloud                 Conjuration/Poison/Air       3
   d - Olgreb's Toxic Radiance        Poison                       4
   e - Venom Bolt                     Conjuration/Poison           5
Comestibles
 f - 2 meat rations


   Skills:
 + Level 0.2 Fighting
 - Level 1.5 Dodging
 + Level 3.0 Stealth
 + Level 0.4 Unarmed Combat
 * Level 3.6 Spellcasting
 * Level 7.2 Poison Magic


You had 10 spell levels left.
You knew the following spells:

 Your Spells              Type           Power        Failure   Level  Hunger
a - Sting                 Conj/Pois      ##..         4%          1    None


Dungeon Overview and Level Annotations

Branches:
Dungeon (4/15)             Temple (0/1) D:4

Altars:
Ashenzari
Elyvilon
Kikubaaqudgha
Sif Muna
Yredelemnul
The Shining One


Innate Abilities, Weirdness & Mutations

You cannot wear boots.
Your serpentine skin is tough (AC +1).
You have supernaturally acute eyesight.
Armour fits poorly on your strangely shaped body.
Your system is resistant to poisons.
You cover ground very slowly.
You have a slow metabolism.
You can exhale a cloud of poison.
You have very sharp teeth.
Your body sometimes deteriorates upon taking damage.
You are resistant to hostile enchantments.
You are resistant to electric shocks.
You heal slowly when monsters are visible.


Message History

There is a stone staircase leading down here.
The orc hits you but does no damage.
The phantom blinks!
The orc wizard gestures wildly while chanting.
The orc wizard blinks!
The phantom blinks!
The orc barely misses you. The orc hits you with a hand axe.
Your body deteriorates!
You feel dopey.
You are a level 5 Naga Venom Mage.
You are 49% of the way to level 6.
Play time: 00:20:43 (4643 turns) Quiver which item? (- for none, * to show all) (? for menu, Esc to quit)
Okay, then.
Quiver which item? (- for none, * to show all) (? for menu, Esc to quit)
Okay, then.
Unknown command.
Quiver which item? (- for none, * to show all) (? for menu, Esc to quit)
You don't have any such object.
Quiver which item? (- for none, * to show all) (? for menu, Esc to quit)
You don't have any such object.
Quiver which item? (- for none, * to show all) (? for menu, Esc to quit)
Okay, then.
Are you sure you want to abandon this character and quit the game? (Confirm with "yes".)

#........#.......#
#.#####..#.......#
### ##.#.......#
#...####### ##..#
#..# #..# #oo#####
#.@..ยง.#
###########.#######
#.................#
##########...####.#
###.# #.# #.# #.#
#.# #.# #.####.#
#......#


You could see 2 orcs.

Vanquished Creatures
  A worker ant (D:4)
  A hound skeleton (D:4)
  6 adders
  2 worms (D:3)
  5 giant geckos
  An orc (D:3)
  A ball python (D:3)
  7 bats
  2 giant cockroaches (D:1)
  6 goblins
  12 hobgoblins
  8 jackals
  2 quokkas
  6 giant newts
  7 kobolds
  5 rats (D:1)
72 creatures vanquished.

Notes
Turn   | Place    | Note
--------------------------------------------------------------
     0 | D:1      | LilCorpsy the Naga Venom Mage began the quest for the Orb.
     0 | D:1      | Reached XP level 1. HP: 15/15 MP: 3/3
   305 | D:1      | Found a glowing golden altar of the Shining One.
   447 | D:1      | Reached XP level 2. HP: 5/22 MP: 0/5
   906 | D:1      | Reached skill level 6 in Poison Magic
  1333 | D:1      | Reached XP level 3. HP: 24/28 MP: 0/6
  2232 | D:2      | Found a white marble altar of Elyvilon.
  2242 | D:2      | Found a shattered altar of Ashenzari.
  2600 | D:2      | Reached XP level 4. HP: 36/36 MP: 2/8
  3761 | D:3      | Reached XP level 5. HP: 33/42 MP: 2/10
  4168 | D:3      | Found a basalt altar of Yredelemnul.
  4175 | D:3      | Found a deep blue altar of Sif Muna.
  4291 | D:4      | Found an ancient bone altar of Kikubaaqudgha.
  4297 | D:4      | Reached skill level 7 in Poison Magic
  4300 | D:4      | Became a worshipper of Kikubaaqudgha
  4512 | D:4      | Noticed a phantom
  4570 | D:4      | Gained mutation: You are resistant to hostile enchantments. [potion of mutation]
  4570 | D:4      | Gained mutation: You have very sharp teeth. [potion of mutation]
  4570 | D:4      | Gained mutation: You are resistant to electric shocks. [potion of mutation]
  4575 | D:4      | Gained mutation: You can exhale a cloud of poison. [potion of mutation]
  4575 | D:4      | Gained mutation: You heal slowly when monsters are visible. [potion of mutation]
  4575 | D:4      | Gained mutation: Your body sometimes deteriorates upon taking damage. [potion of mutation]
  4610 | D:4      | Found a staircase to the Ecumenical Temple.
  4643 | D:4      | Quit the game

Vault maps used:
D:1:      ncdulo_wetmaze, tso_metal_star
D:2:      grunt_temple_overflow_open, minivault_27
D:3:      minitemple
D:4:      overflow_temple_1_default, nicolae_overflow_crystal_walls,
          kennysheep_mini_moat, serial_shops, shop

Action                   |  1- 3 |  4- 6 || total
-------------------------+-------+-------++-------
Melee: Unarmed           |    41 |    67 ||   108
 Cast: Sting             |    85 |    84 ||   169
 Abil: Spit Poison       |       |     5 ||     5
  Use: Scroll            |       |     5 ||     5
       Potion            |       |     3 ||     3
 Stab: Sleeping          |     1 |       ||     1
  Eat: Bread ration      |     1 |     1 ||     2
       Royal jelly       |     1 |       ||     1
       Beef jerky        |       |     1 ||     1
